 Dungeon Crawl Stone Soup version 0.23.0 (webtiles) character file.

Game seed: 11290742729174320586

4200 Monsterracer the Cleaver (level 10, -13/99 HPs)
             Began as an Ogre Chaos Knight on Feb 13, 2019.
             Was a Plaything of Xom.
             Mangled by Mgcat's ghost (22 damage)
             ... on level 8 of the Dungeon.
             The game lasted 00:10:34 (11705 turns).

Monsterracer the Cleaver (Ogre Chaos Knight)       Turns: 11705, Time: 00:10:35

Health: -13/99     AC:  5    Str: 18    XL:     10   Next: 29%
Magic:  10/10      EV: 13    Int: 13    God:    Xom [......]
Gold:   680        SH:  0    Dex: 15    Spells: 7/9 levels left

rFire    . . .     SeeInvis .   a - +1 war axe (elec)
rCold    + . .     Gourm    .   (no shield)
rNeg     . . .     Faith    .   u - +2 robe
rPois    .         Spirit   .   (helmet restricted)
rElec    .         Reflect  .   (no cloak)
rCorr    .         Harm     .   (gloves unavailable)
MR       +....     Clarity  +   (boots unavailable)
Stlth    +.........             f - amulet of magic regeneration
HPRegen  0.26/turn              j - +6 ring of dexterity
MPRegen  0.37/turn              n - +4 ring of slaying

@: slowed, very slow
A: large, unfitting armour, antennae 1, blurry vision 1, clarity, cold
resistance 1, dopey 1, frail 1, tough skin 1
a: Renounce Religion


You were on level 8 of the Dungeon.
You worshipped Xom.
You were a very special plaything of Xom.
You were very hungry.

You visited 1 branch of the dungeon, and saw 8 of its levels.
You also visited: Sewer and Ossuary.

You collected 680 gold pieces.

Inventory:

Hand Weapons
 a - a +1 war axe of electrocution (weapon)
Missiles
 v - a throwing net (quivered) {!f}
Armour
 u - a +2 robe (worn)
Jewellery
 f - an amulet of magic regeneration (around neck)
 h - an uncursed ring of resist corrosion
 i - an uncursed ring of flight
 j - a +6 ring of dexterity (left hand)
 n - a +4 ring of slaying (right hand)
 x - a +3 ring of slaying
Wands
 b - a wand of polymorph (8)
 w - a wand of acid (9)
 A - a wand of flame (29)
Scrolls
 k - 2 scrolls of fog
 l - 3 scrolls of enchant armour
 m - a scroll of magic mapping
 p - a scroll of amnesia
 r - 4 scrolls of remove curse
 t - 3 scrolls of teleportation {!r}
 y - a scroll of silence {unknown}
 X - 3 scrolls of blinking
Potions
 d - 3 potions of heal wounds
 e - 9 potions of curing
 g - 7 potions of flight
 o - 3 potions of lignification
 q - 3 potions of mutation {!q}
 s - 5 potions of haste
 z - a potion of brilliance {unknown}
Comestibles
 c - 25 rations


   Skills:
 + Level 10.6 Fighting
 * Level 11.1 Axes
 + Level 6.1 Dodging


You had 7 spell levels left.
You knew the following spells:

 Your Spells              Type           Power        Failure   Level  Hunger
e - Blink                 Tloc           N/A          43%         2    ###....

Your spell library contained the following spells:

 Spells                   Type           Power        Failure   Level  Hunger
 Magic Dart               Conj           #...         30%         1    ##.....
 Call Imp                 Summ           #.......     43%         2    ###....
 Slow                     Hex            #.......     43%         2    ###....
 Conjure Flame            Conj/Fire      #.......     67%         3    ####...
 Mephitic Cloud           Conj/Pois/Air  #.......     67%         3    ####...


Dungeon Overview and Level Annotations

Branches:
Dungeon (8/15)             Temple (0/1) D:4
   Lair: D:8-11

Altars:
Ashenzari
Cheibriados
Fedhas
Gozag
Hepliaklqana
Makhleb
Nemelex Xobeh
Okawaru
Sif Muna
Trog
Uskayaw
Vehumet
Wu Jian
Xom
Zin

Annotations:
D:8 2 transporters, Mgcat's ghost, novice FeFi


Innate Abilities, Weirdness & Mutations

You are too large for most types of armour.
You have tough skin. (AC +1)
You have a pair of small antennae on your head.
Scrolls take you a little longer to read.
You possess an exceptional clarity of mind.
Your flesh is cold resistant. (rC+)
You are dopey. (Int -2)
You are frail. (-10% HP)


Message History

You destroy the fungus!
The killer bee closely misses you.
You closely miss the killer bee. You hit the fungus.
Lightning courses through the fungus! You slash the fungus!
Lightning courses through the fungus!
You destroy the fungus!
You hit the plant but do no damage. The killer bee closely misses you.
The killer bee stings you.
You are poisoned.
The killer bee poisons you!
You take 1 damage, and have 93/99 hp.
You slash the killer bee!
Lightning courses through the killer bee!
You kill the killer bee!
You slash the plant! You hit the fungus. Lightning courses through the fungus!
You feel sick.
You take 1 damage, and have 92/99 hp.
No target in view!
No target in view!
No target in view!
You feel sick.
You feel sick.
You feel sick.
You feel sick.
You feel sick.
You feel sick.
You feel sick.
You feel sick.
You feel sick.
You feel sick.
You are no longer poisoned.
Key pressed, stopping explore.
x - a ring of slaying Health restored: 99 You now have 668 gold pieces (gained 13).
You now have 680 gold pieces (gained 12).
Found a stone staircase leading up.
You open the door.
Found 22 sling bullets.
There is an open door here.
You see here 22 sling bullets.
Found 16 stones.
Found a transporter.
Found a transporter.
There is a transporter here.
You enter the transporter and appear at another place.
z - a fizzy inky potion The wraith hits you.
You take 2 damage, and have 97/99 hp.
You see here a scroll labeled RANI RO JEYM.
y - a scroll labeled RANI RO JEYM The wraith hits you!
The wraith drains your vigour!
You feel yourself slow down.
You take 10 damage, and have 88/99 hp.
Unknown command.
The hungry ghost barely misses you.
The spectral worker ant closely misses you.
The wraith hits you! Mgcat's ghost hits you!
You take 21 damage, and have 67/99 hp.
MASSIVE DAMAGE!!
The hungry ghost hits you.
You feel a lot more hungry. The hungry ghost barely misses you.
You are feeling hungry.
The hungry ghost hits you.
You are feeling very hungry. "Get over here!"
The wraith blinks!
The spectral worker ant blinks!
Mgcat's ghost completely misses you. The wraith hits you!
Mgcat's ghost hits you!
* * * LOW HITPOINT WARNING * * *
You take 23 damage, and have 47/99 hp.
MASSIVE DAMAGE!!
Unknown command.
You feel yourself speed up.
There is a transporter here.
You enter the transporter and appear at another place.
A sky beast comes into view.
The wraith misses you. Mgcat's ghost closely misses you. The wraith hits you!
* * * LOW HITPOINT WARNING * * *
The wraith drains your vigour!
You feel yourself slow down.
Mgcat's ghost says, "Death is but another step down the path of knowledge."
The sky beast hits you but does no damage.
You take 10 damage, and have 38/99 hp.
The wraith hits you!
* * * LOW HITPOINT WARNING * * *
The wraith hits you but does no damage.
You take 14 damage, and have 24/99 hp.
Unknown command.
Really read
t - 3 scrolls of teleportation {!r}?
Really read with blurry vision while enemies are nearby?
Okay, then.
Really read
t - 3 scrolls of teleportation {!r}?
Really read with blurry vision while enemies are nearby?
Mgcat's ghost hits you!
* * * LOW HITPOINT WARNING * * *
The wraith closely misses you.
You begin reading the scroll.
You continue reading the scroll.
Mgcat's ghost hits you!!
You die...
Xom chortles!

...#############.##...#.##...###.
##.#©.W........#.##..##.##.......
##.#..Z........#.##.........####.
##.#..###.###..#.#.........### #.
##.#..#8#.#8#..#.#.####......###.
#..#...........#...##.P.P......#.
..©#.....©....$#Y..#.......P.....
...#..........[#WW##..P.P...P.P.#
#..#..#8#.#8#..#@##.PP.P.P...P.P.
#..#..###.###..#.......P##+#P.P..
#..#...........#.#..PP..# #...P.
...#...........#....P..P# o#P.P..
##.#############.##.....####.P.P.
#...............##.P.P.........P
######.########.P.P...P..P.# #.#
#......P†.P..# #.# ##..P....P..##


You could see a wraith, a sky beast and Mgcat's ghost.

Vanquished Creatures
  Sigmund (D:2)
  A wyvern (D:8)
  A spriggan (D:7)
  A human (D:7)
  A yak (D:6)
  3 hogs (D:7)
  Menkaure (D:5)
  3 porcupines (D:8)
  2 ice beasts
  2 black bears (D:8)
  2 phantoms (D:6)
  2 centaurs (D:6)
  A big kobold (Sewer)
  Blork the orc (D:5)
  3 bullfrogs
  5 killer bees (D:8)
  3 howler monkeys
  4 crimson imps
  2 hounds (D:6)
  3 centaur skeletons
  4 orc priests
  2 bullfrog skeletons
  A jelly (D:7)
  3 orc wizards
  4 iguanas
  6 worker ants
  8 mummies (Ossuary)
  Robin (D:3)
  A hound skeleton (D:5)
  2 worker ant zombies
  10 adders
  A river rat (Sewer)
  2 shadow imps (D:8)
  An adder zombie (D:8)
  An ooze (D:3)
  3 worms
  3 dart slugs
  8 leopard geckos
  14 orcs
  3 ball pythons (D:1)
  9 bats
  17 giant cockroaches
  14 goblins
  10 hobgoblins
  9 jackals
  A quokka (D:3)
  6 frilled lizards
  3 gnoll zombies (Ossuary)
  3 hobgoblin zombies (Ossuary)
  A jackal skeleton (D:7)
  16 kobolds
  2 kobold zombies (Ossuary)
  2 leopard gecko zombies
  A quokka zombie (D:7)
  8 rats
  3 fungi (D:8)
225 creatures vanquished.

Vanquished Creatures (others)
  6 fungi (D:8)
  3 plants (D:8)
9 creatures vanquished.

Grand Total: 234 creatures vanquished

Notes
Turn   | Place    | Note
-------+----------+-------------------------------------------
     0 | D:1      | Monsterracer the Ogre Chaos Knight began the quest for the
                  | Orb.
     0 | D:1      | Reached XP level 1. HP: 24/24 MP: 1/1
   160 | D:1      | Reached XP level 2. HP: 18/32 MP: 2/2
   624 | D:1      | Reached XP level 3. HP: 40/40 MP: 3/3
   691 | D:1      | XOM is BORED!
   691 | D:1      | XOM: medium Conj miscast
   906 | D:2      | Found a deep blue altar of Sif Muna.
   982 | D:2      | XOM: harmless Air miscast
  1001 | D:2      | Found a bloodstained altar of Trog.
  1068 | D:2      | Reached skill level 4 in Axes
  1108 | D:2      | XOM: divination: detect items
  1239 | D:2      | Found a faded altar of an unknown god.
  1331 | D:2      | Reached XP level 4. HP: 49/49 MP: 4/4
  1425 | D:2      | HP: 24/49 [bat (1)]
  1428 | D:2      | Reached skill level 5 in Fighting
  1430 | D:2      | HP: 18/50 [poisoned by an adder]
  1435 | D:2      | HP: 14/50 [poisoned by an adder]
  1440 | D:2      | HP: 11/50 [poisoned by an adder]
  1446 | D:2      | HP: 9/50 [poisoned by an adder]
  1452 | D:2      | HP: 8/50 [poisoned by an adder]
  1460 | D:2      | HP: 7/50 [poisoned by an adder]
  1745 | D:2      | Found a blossoming altar of Fedhas.
  1751 | D:2      | Found a hazy altar of Hepliaklqana.
  1939 | D:2      | Noticed Sigmund
  1944 | D:2      | XOM: confuse monster(s)
  1951 | D:2      | XOM: blink monster(s)
  1956 | D:2      | XOM: confuse monster(s)
  1957 | D:2      | Killed Sigmund
  1957 | D:2      | Reached skill level 5 in Axes
  1957 | D:2      | Reached XP level 5. HP: 34/59 MP: 5/5
  1957 | D:2      | Reached XP level 6. HP: 39/67 MP: 6/6
  2351 | D:3      | Found a radiant altar of Vehumet.
  2352 | D:3      | Found a burning altar of Makhleb.
  2357 | D:3      | Reached skill level 6 in Axes
  2360 | D:3      | XOM: summons 4 hostile shadow creatures
  2378 | D:3      | XOM: medium Hex miscast
  2639 | D:3      | Found a sparkling altar of Nemelex Xobeh.
  2641 | D:3      | Found a snail-covered altar of Cheibriados.
  2790 | D:3      | Noticed Robin
  2804 | D:3      | HP: 34/68 [hobgoblin/+0 club[Robin] (5)]
  2806 | D:3      | Killed Robin
  2809 | D:3      | HP: 29/68 [poisoned by a kobold]
  2817 | D:3      | HP: 29/68 [poisoned by a kobold]
  3129 | D:3      | Noticed an ice beast
  3146 | D:3      | HP: 32/68 [ice beast (4)]
  3147 | D:3      | HP: 14/68 [ice beast (5)]
  3151 | D:3      | Killed an ice beast
  3151 | D:3      | Reached XP level 7. HP: 16/76 MP: 7/7
  3350 | D:3      | XOM: give mutations
  3350 | D:3      | Gained mutation: Your flesh is cold resistant. (rC+) [Xom's
                  | mischief]
  3350 | D:3      | Gained mutation: You are frail. (-10% HP) [Xom's mischief]
  3632 | D:3      | XOM: cloud trail
  3700 | D:4      | XOM: noise
  3707 | D:4      | Got a twisted hand axe
  3736 | D:4      | Found a staircase to the Ecumenical Temple.
  3738 | D:4      | Identified the cursed +0 hand axe "Pajik" {drain, Str+4}
                  | (You found it on level 4 of the Dungeon)
  3981 | D:4      | Found a glowing drain.
  4044 | Sewer    | Entered a sewer
  4048 | Sewer    | Reached skill level 7 in Axes
  4178 | Sewer    | Found a white marble altar of Elyvilon.
  4515 | D:5      | Entered Level 5 of the Dungeon
  4764 | D:5      | Reached XP level 8. HP: 45/78 MP: 8/8
  4805 | D:5      | Noticed Menkaure
  4843 | D:5      | XOM: god gift: scroll labeled BUNTIZIEFA {god gift}
  4861 | D:5      | HP: 36/78 [Menkaure (22)]
  4862 | D:5      | Killed Menkaure
  4867 | D:5      | Found a sand-covered staircase.
  4868 | D:5      | Noticed Blork the orc
  4882 | D:5      | HP: 38/79 [orc (3)]
  4903 | D:5      | HP: 36/79 [orc (4)]
  5176 | Ossuary  | Entered an ossuary
  5206 | Ossuary  | Reached skill level 8 in Axes
  5454 | Ossuary  | XOM: summons 4 hostile demons
  5560 | Ossuary  | XOM: medium Pois miscast
  5892 | D:5      | XOM: 1-stop teleportation journey
  5920 | D:5      | XOM: confusion
  5924 | D:5      | HP: 37/79 [Blork the orc/magic dart (4)]
  5927 | D:5      | Killed Blork the orc
  6366 | D:5      | XOM: confuse monster(s)
  6690 | D:6      | XOM is BORED!
  6690 | D:6      | XOM: 2-stop teleportation journey
  6763 | D:6      | XOM: summons friendly ufetubus
  7116 | D:6      | XOM: scenery: create altars
  7157 | D:6      | XOM: potion effect (haste)
  7262 | D:6      | Reached skill level 9 in Axes
  7276 | D:6      | HP: 40/80 [centaur (6)]
  7281 | D:6      | Reached XP level 9. HP: 25/87 MP: 9/9
  7284 | D:6      | HP: 26/87 [ice beast (1)]
  7616 | D:6      | XOM: god gift: scroll of blinking
  7746 | D:6      | XOM: cloud trail
  7840 | D:6      | Paralysed by you for 6 turns
  7872 | D:6      | XOM: mild Necr miscast
  8501 | D:7      | Found a glowing silver altar of Zin.
  8526 | D:7      | Learned a level 2 spell: Blink
  8886 | D:7      | HP: 41/90 [orc warrior/+0 glaive (17)]
  8887 | D:7      | XOM: noise
  8888 | D:7      | Reached skill level 5 in Dodging
  8890 | D:7      | XOM: summons 4 hostile demons
  8891 | D:7      | XOM: summons 4 hostile demons
  8891 | D:7      | HP: 25/90 [quasit[Xom] (1)]
  8894 | D:7      | HP: 12/90 [orc warrior/+0 glaive (5)]
  9225 | D:7      | Found an ornate altar of the Wu Jian Council.
  9466 | D:7      | XOM is BORED!
  9694 | D:7      | Reached skill level 10 in Axes
  9695 | D:7      | XOM: polymorph hog -> spriggan
  9696 | D:7      | HP: 45/90 [hog (9)]
  9698 | D:7      | Reached skill level 10 in Fighting
  9974 | D:7      | XOM: torment (46/90 hp)
 10189 | D:8      | Found a transporter.
 10197 | D:8      | Found a transporter.
 10205 | D:8      | Noticed a troll
 10207 | D:8      | Found a hide-covered altar of Uskayaw.
 10208 | D:8      | Found a shattered altar of Ashenzari.
 10366 | D:8      | Reached XP level 10. HP: 93/99 MP: 10/10
 10377 | D:8      | XOM: fog
 10377 | D:8      | HP: 38/99 [porcupine (12)]
 10379 | D:8      | HP: 16/99 [porcupine's spines (13)]
 10381 | D:8      | HP: 7/99 [porcupine's spines (9)]
 10653 | D:8      | XOM: divination: detect creatures
 10772 | D:8      | XOM: 1-stop teleportation journey
 10854 | D:8      | Reached skill level 11 in Axes
 10912 | D:8      | XOM: give mutation
 10912 | D:8      | Gained mutation: You have a pair of small antennae on your
                  | head. [Xom's grace]
 11125 | D:8      | Found an opulent altar of Gozag.
 11186 | D:8      | XOM: divination: detect creatures
 11195 | D:8      | XOM: give mutation
 11195 | D:8      | Gained mutation: You possess an exceptional clarity of
                  | mind. [Xom's grace]
 11249 | D:8      | XOM: give mutations
 11249 | D:8      | Gained mutation: You are very frail. (-20% HP) [Xom's
                  | mischief]
 11249 | D:8      | Gained mutation: Scrolls take you a little longer to read.
                  | [Xom's mischief]
 11249 | D:8      | Lost mutation: You are very frail. (-20% HP) [Xom's
                  | mischief]
 11249 | D:8      | Gained mutation: You are dopey. (Int -2) [Xom's mischief]
 11402 | D:8      | Found an iron altar of Okawaru.
 11669 | D:8      | Found a transporter.
 11674 | D:8      | Found a transporter.
 11674 | D:8      | Noticed Mgcat's ghost (novice FeFi)
 11695 | D:8      | XOM: blink monster(s)
 11699 | D:8      | HP: 47/99 [Mgcat's ghost (14)]
 11704 | D:8      | HP: 8/99 [Mgcat's ghost (16)]
 11705 | D:8      | Mangled by Mgcat's ghost

Skill      XL: |  1  2  3  4  5  6  7  8  9 10 |
---------------+-------------------------------+-----
Axes           | 4 5 6 7 9 10 11 | 11.1
Fighting       | 6 7 8 10 | 10.6
Dodging        | 4 5 6 |  6.1

Action                   |  1- 3 |  4- 6 |  7- 9 | 10-12 || total
-------------------------+-------+-------+-------+-------++-------
Melee: Hand axe          |    87 |   161 |   125 |       ||   373
       War axe           |       |       |   238 |    47 ||   285
Evoke: Wand              |       |       |     1 |       ||     1
  Use: Scroll            |       |     2 |    21 |       ||    23
 Stab: Paralysed         |     1 |     2 |       |       ||     3
       Confused          |       |     2 |       |       ||     2
       Petrifying        |       |     1 |     1 |       ||     2
       Petrified         |       |       |     6 |       ||     6
       Sleeping          |       |       |     3 |       ||     3
  Eat: Chunk             |     1 |     6 |    13 |     1 ||    21
       Ration            |       |       |     3 |     1 ||     4
Armor: Robe              |    45 |    77 |    99 |    11 ||   232
Dodge: Dodged            |    58 |    83 |   166 |    41 ||   348

Levels and vault maps discovered:
D:1:      ncdulo_watergridlock, layout_rooms
D:2:      layout_loops_ring, overflow_temple_1_default,
          nicolae_overflow_hidden_temple, minitemple,
          chequers_ecumenical_altar_twisty, first_ration, uniq_sigmund
D:3:      minmay_roachtagon, layout_basic,
          grunt_temple_overflow_lords_of_destruction,
          gammafunk_temple_overflow_statue, uniq_robin
D:4:      layout_rooms, minmay_temple_entry_mini_moons, gup_sewer_entry_pipe
D:5:      layout_loops_ring, enter_ossuary_1, uniq_blork_the_orc, uniq_menkaure
D:6:      minmay_cornered_nines, layout_basic
D:7:      layout_layer_cave, overflow_temple_1_default, basic_altar,
          grunt_livestock
D:8:      layout_loops_corners, gammafunk_temple_overflow_arena,
          lemuel_crystal_altar, overflow_temple_1_default,
          grunt_lair_entry_orc_guard_hut, gammafunk_ghost_mausoleum
Sewer:    sewer_kobolds
Ossuary:  ossuary_tomb_3
